SOL
MONTGOMERY REBELS @ COLUMBUS SKEETERS
07/07/1982
 
TOP OF THE 1ST
Montgomery Rebels batting - Pitching for Columbus Skeeters : LHP Scott Gleckel
Pitching: LHP Scott Gleckel
Batting: LHB Chris Stropolo 0-0: Ball
1-0: Called Strike
1-1: Foul Ball, location: 2F
1-2: Ground out 5-3 (Groundball, 5, EV 85.0 MPH)
Batting: RHB Jeff Schumaker 0-0: Ball
1-0: Ball
2-0: Ball
3-0: Called Strike
3-1: Foul Ball, location: 2F
3-2: Base on Balls
Batting: RHB Glenn Williams 0-0: Ball
1-0: Fielders Choice at 2nd, 6-4 (Groundball, 6, EV 105.6 MPH)
Batting: LHB Dwayne Murphy 0-0: Ball
1-0: Swinging Strike
1-1: Foul Ball, location: 2F
1-2: Foul Ball, location: 2F
1-2: Ground out U3 (Groundball, 3L, EV 88.8 MPH)
Top of the 1st over - 0 runs, 0 hits, 0 errors, 1 left on base; Montgomery 0 - Columbus 0
BOTTOM OF THE 1ST
Columbus Skeeters batting - Pitching for Montgomery Rebels : RHP William Bellomo
Pitching: RHP William Bellomo
Batting: SHB Mike Howard 0-0: Ball
1-0: Foul Ball, location: 2F
1-1: Fly out, F5 (Line Drive, 5, EV 70.0 MPH)
Batting: LHB Pete Mueller 0-0: Called Strike
0-1: Called Strike
0-2: Foul Ball, location: 2F
0-2: Ball
1-2: Ground out 4-3 (Groundball, 4, EV 78.8 MPH)
Batting: RHB Heri Ramirez 0-0: Fly out, F8 (Flyball, 8RM, EV 82.5 MPH)
Bottom of the 1st over - 0 runs, 0 hits, 0 errors, 0 left on base; Montgomery 0 - Columbus 0
TOP OF THE 2ND
Montgomery Rebels batting - Pitching for Columbus Skeeters : LHP Scott Gleckel
Batting: RHB Roberto Palacios 0-0: DOUBLE (Groundball, 5L, EV 95.6 MPH)
Batting: SHB Arthur Fischetti 0-0: Called Strike
0-1: Foul Ball, location: 2F
0-2: Strikes out swinging
Batting: LHB Ray Crowley 0-0: Foul Ball, location: 2F
0-1: Foul Ball, location: 2F
0-2: Fly out, F7 (Flyball, 78M, EV 76.3 MPH)
Batting: LHB Michael Shinn 0-0: DOUBLE (Flyball, 89D, EV 95.6 MPH)
Roberto Palacios scores
Pinch Runner at 2nd Nate Tria:
Batting: SHB Mike Thorpe 0-0: Fly out, F8 (Line Drive, 8RM, EV 87.5 MPH)
Top of the 2nd over - 1 run, 2 hits, 0 errors, 1 left on base; Montgomery 1 - Columbus 0
BOTTOM OF THE 2ND
Columbus Skeeters batting - Pitching for Montgomery Rebels : RHP William Bellomo
Now at C: Mike Colbern
Batting: LHB Sam Horn 0-0: Swinging Strike
0-1: Fly out, F7 (Flyball, 78D, EV 96.3 MPH)
Batting: RHB Danny Sheaffer 0-0: Swinging Strike
0-1: Called Strike
0-2: Ball
1-2: Ground out 6-3 (Groundball, 6M, EV 108.1 MPH)
Batting: LHB John Weller 0-0: Swinging Strike
0-1: SINGLE (Line Drive, 8LS, EV 91.3 MPH)
Batting: LHB Jay Erdahl 0-0: Ball
1-0: Ball
2-0: Ball
3-0: Base on Balls
John Weller to second
Batting: RHB Randy Kaczmarski 0-0: SINGLE (Groundball, 56D, EV 103.1 MPH)
John Weller to third
Jay Erdahl to second
Runner from 3rd tries for Home, SAFE, throw by LF to home
Batting: RHB Gregory Pastors 0-0: Ball
1-0: Ball
2-0: Ball
3-0: Called Strike
3-1: Base on Balls
Jay Erdahl to third
Randy Kaczmarski to second
Batting: SHB Mike Howard 0-0: Ground out 4-3 (Groundball, 34, EV 107.5 MPH)
Bottom of the 2nd over - 1 run, 2 hits, 0 errors, 3 left on base; Montgomery 1 - Columbus 1
TOP OF THE 3RD
Montgomery Rebels batting - Pitching for Columbus Skeeters : LHP Scott Gleckel
Batting: LHB Chris Stropolo 0-0: Called Strike
0-1: Called Strike
0-2: Ball
1-2: Ground out 6-3 (Groundball, 6, EV 85.0 MPH)
Batting: RHB Jeff Schumaker 0-0: Called Strike
0-1: Foul Ball, location: 2F
0-2: Foul Ball, location: 2F
0-2: Ball
1-2: Ball
2-2: Ground out 5-3 (Groundball, 56, EV 101.9 MPH)
Batting: RHB Glenn Williams 0-0: Reached on error, E5 (Groundball, 56S, EV 86.9 MPH)
Batting: LHB Dwayne Murphy 0-0: Called Strike
0-1: Ball
1-1: Swinging Strike
1-2: Foul Ball, location: 2F
1-2: Ball
2-2: Foul Ball, location: 2F
2-2: TRIPLE (Flyball, 89XD, EV 98.8 MPH)
Glenn Williams scores
Batting: RHB Roberto Palacios 0-0: Foul Ball, location: 2F
0-1: Ground out 6-3 (Groundball, 6, EV 105.0 MPH)
Top of the 3rd over - 1 run, 1 hit, 1 error, 1 left on base; Montgomery 2 - Columbus 1
BOTTOM OF THE 3RD
Columbus Skeeters batting - Pitching for Montgomery Rebels : RHP William Bellomo
Batting: LHB Pete Mueller 0-0: Called Strike
0-1: Foul Ball, location: 2F
0-2: Ball
1-2: Ball
2-2: Strikes out looking
Batting: RHB Heri Ramirez 0-0: Ball
1-0: Ground out 3-1 (Groundball, 34, EV 86.3 MPH)
Batting: LHB Sam Horn 0-0: Called Strike
0-1: Foul Ball, location: 2F
0-2: Foul Ball, location: 2F
0-2: Strikes out swinging
Bottom of the 3rd over - 0 runs, 0 hits, 0 errors, 0 left on base; Montgomery 2 - Columbus 1
TOP OF THE 4TH
Montgomery Rebels batting - Pitching for Columbus Skeeters : LHP Scott Gleckel
Batting: SHB Arthur Fischetti 0-0: Foul Ball, location: 2F
0-1: Ball
1-1: SINGLE (Line Drive, 9S, EV 90.0 MPH)
Batting: LHB Ray Crowley 0-0: Swinging Strike
0-1: Foul Ball, location: 2F
0-2: SINGLE (Groundball, 3D, EV 97.5 MPH)
Arthur Fischetti to second
Runner from 2nd tries for 3rd, SAFE, throw by RF made to third
Batting: RHB Mike Colbern 0-0: Fly out, F7 (Line Drive, 7, EV 93.1 MPH)
Batting: SHB Mike Thorpe 0-0: Foul Ball, location: 2F
0-1: Called Strike
0-2: Ball
1-2: Grounds into double play, 4-6-3 (Groundball, 4, EV 76.3 MPH)
Top of the 4th over - 0 runs, 2 hits, 0 errors, 1 left on base; Montgomery 2 - Columbus 1
BOTTOM OF THE 4TH
Columbus Skeeters batting - Pitching for Montgomery Rebels : RHP William Bellomo
Batting: RHB Danny Sheaffer 0-0: SINGLE (Groundball, 56D, EV 93.8 MPH)
Batting: LHB John Weller 0-0: Ball
1-0: Ball
2-0: Ball
3-0: Base on Balls
Danny Sheaffer to second
Batting: LHB Jay Erdahl 0-0: Foul Ball, location: 2F
0-1: Ball
1-1: Ball
2-1: Ball
3-1: Called Strike
3-2: Foul Ball, location: 2F
3-2: Foul Ball, location: 2F
3-2: Fielders Choice at 2nd, 3-6 (Groundball, 3, EV 102.5 MPH)
Danny Sheaffer to third
Batting: RHB Randy Kaczmarski 0-0: Swinging Strike
0-1: SINGLE (Flyball, 56D, EV 83.1 MPH)
Danny Sheaffer scores
Jay Erdahl to second
Batting: RHB Gregory Pastors 0-0: Foul Ball, location: 2F
0-1: Swinging Strike
0-2: Fielders Choice at 2nd, 6-4 (Groundball, 6, EV 91.9 MPH)
Jay Erdahl to third
Batting: SHB Mike Howard 0-0: Reached on error, E4 (Groundball, 3, EV 105.6 MPH)
Jay Erdahl scores
Gregory Pastors to third
Batting: LHB Pete Mueller 0-0: Ground out U3 (Groundball, 3S, EV 80.6 MPH)
Bottom of the 4th over - 2 runs, 2 hits, 1 error, 2 left on base; Montgomery 2 - Columbus 3
TOP OF THE 5TH
Montgomery Rebels batting - Pitching for Columbus Skeeters : LHP Scott Gleckel
Batting: LHB Chris Stropolo 0-0: Called Strike
0-1: Foul Ball, location: 2F
0-2: Foul Ball, location: 2F
0-2: Ball
1-2: Ground out U3 (Groundball, 3, EV 93.8 MPH)
Batting: RHB Jeff Schumaker 0-0: Ball
1-0: Foul Ball, location: 2F
1-1: Ball
2-1: Ball
3-1: SINGLE (Flyball, 3D, EV 91.9 MPH)
Batting: RHB Glenn Williams 0-0: Ball
1-0: Foul Ball, location: 2F
1-1: Fly out, F7 (Flyball, 7S, EV 73.1 MPH)
Batting: LHB Dwayne Murphy 0-0: Ball
1-0: Ball
2-0: Fielders Choice at 2nd, 5-4 (Groundball, 56, EV 85.0 MPH)
Top of the 5th over - 0 runs, 1 hit, 0 errors, 1 left on base; Montgomery 2 - Columbus 3
BOTTOM OF THE 5TH
Columbus Skeeters batting - Pitching for Montgomery Rebels : RHP William Bellomo
Batting: RHB Heri Ramirez 0-0: Called Strike
0-1: Fly out, F8 (Line Drive, 8LM, EV 86.3 MPH)
Batting: LHB Sam Horn 0-0: Called Strike
0-1: Swinging Strike
0-2: Ball
1-2: Fly out, F4 (Line Drive, 4, EV 71.9 MPH)
Batting: RHB Danny Sheaffer 0-0: Swinging Strike
0-1: Ground out 6-3 (Groundball, 6, EV 108.8 MPH)
Bottom of the 5th over - 0 runs, 0 hits, 0 errors, 0 left on base; Montgomery 2 - Columbus 3
TOP OF THE 6TH
Montgomery Rebels batting - Pitching for Columbus Skeeters : LHP Scott Gleckel
Batting: RHB Roberto Palacios 0-0: Ball
1-0: Called Strike
1-1: Foul Ball, location: 2F
1-2: Ball
2-2: SOLO HOME RUN (Flyball, 7LD, EV 106.3 MPH), Distance : 352 ft
Batting: SHB Arthur Fischetti 0-0: Swinging Strike
0-1: Foul Ball, location: 2F
0-2: Ball
1-2: Ball
2-2: Ball
3-2: Fly out, F7 (Flyball, 7S, EV 93.1 MPH)
Batting: LHB Ray Crowley 0-0: Ball
1-0: Fly out, F8 (Line Drive, 8RD, EV 95.6 MPH)
Batting: RHB Mike Colbern 0-0: Swinging Strike
0-1: Called Strike
0-2: Ball
1-2: Ball
2-2: Ball
3-2: Foul Ball, location: 2F
3-2: Foul Ball, location: 2F
3-2: SOLO HOME RUN (Flyball, 78XD, EV 96.9 MPH), Distance : 446 ft
Batting: SHB Mike Thorpe 0-0: Reached on error, E5 (Groundball, 56, EV 98.8 MPH)
Batting: LHB Chris Stropolo 0-0: Foul Ball, location: 2F
0-1: Ball
1-1: Foul Ball, location: 2F
1-2: Foul Ball, location: 2F
1-2: Foul Ball, location: 2F
1-2: Ball
2-2: Ball
3-2: Ground out 4-3 (Groundball, 4, EV 88.1 MPH)
Top of the 6th over - 2 runs, 2 hits, 1 error, 1 left on base; Montgomery 4 - Columbus 3
BOTTOM OF THE 6TH
Columbus Skeeters batting - Pitching for Montgomery Rebels : RHP William Bellomo
Batting: LHB John Weller 0-0: Called Strike
0-1: Ball
1-1: SINGLE (Line Drive, 78M, EV 96.9 MPH)
Batting: LHB Jay Erdahl 0-0: Foul Ball, location: 2F
0-1: Ball
1-1: Ball
2-1: Swinging Strike
2-2: Strikes out swinging
Batting: RHB Randy Kaczmarski 0-0: Ball
1-0: Ball
2-0: Ball
3-0: Called Strike
3-1: Base on Balls
John Weller to second
Batting: RHB Gregory Pastors 0-0: Ball
1-0: Ball
2-0: Called Strike
2-1: Foul Ball, location: 2F
2-2: Foul Ball, location: 2F
2-2: SINGLE (Line Drive, 9S, EV 100.6 MPH)
John Weller to third
Randy Kaczmarski to second
Runner from 3rd tries for Home, SAFE, throw by RF to home
Batting: SHB Mike Howard 0-0: Called Strike
0-1: Ball
1-1: Ball
2-1: Ball
3-1: Base on Balls
Randy Kaczmarski to third
Gregory Pastors to second
Batting: LHB Pete Mueller 0-0: Called Strike
0-1: Foul Ball, location: 2F
0-2: SINGLE (Groundball, 56D, EV 105.6 MPH)
Randy Kaczmarski scores
Gregory Pastors to third
Mike Howard to second
Runner from 3rd tries for Home, SAFE, throw by LF to home
Pitching: LHP Jerry Garvin
Batting: RHB Heri Ramirez 0-0: Ball
1-0: SINGLE (Groundball, 4MD, EV 103.1 MPH)
Mike Howard to third
Pete Mueller to second
Runner from 3rd tries for Home, SAFE, throw by CF to home
Batting: LHB Sam Horn 0-0: Ball
1-0: Called Strike
1-1: Ball
2-1: Ball
3-1: Called Strike
3-2: Reached on error, E9 (Flyball, 9LM, EV 110.6 MPH)
Pete Mueller to third
Heri Ramirez to second
Batting: RHB Danny Sheaffer 0-0: DOUBLE (Line Drive, 7LS, EV 98.8 MPH)
Pete Mueller scores
Heri Ramirez scores
Sam Horn to third
Batting: LHB John Weller 0-0: Ball
1-0: Ball
2-0: Ball
3-0: Called Strike
3-1: Fly out, F8 (Line Drive, 8LM, EV 107.5 MPH)
Batting: LHB Jay Erdahl 0-0: Called Strike
0-1: Called Strike
0-2: Foul Ball, location: 2F
0-2: Ball
1-2: Ball
2-2: Ground out U3 (Groundball, 3S, EV 78.1 MPH)
Bottom of the 6th over - 6 runs, 5 hits, 1 error, 2 left on base; Montgomery 4 - Columbus 9
TOP OF THE 7TH
Montgomery Rebels batting - Pitching for Columbus Skeeters : LHP Scott Gleckel
Batting: RHB Jeff Schumaker 0-0: Ball
1-0: Called Strike
1-1: Ground out 6-3 (Groundball, 6, EV 82.5 MPH)
Batting: RHB Glenn Williams 0-0: Called Strike
0-1: Ball
1-1: Ball
2-1: Ball
3-1: Foul Ball, location: 2F
3-2: Base on Balls
Batting: LHB Dwayne Murphy 0-0: Ball
1-0: Fly out, F7 (Flyball, 7S, EV 85.0 MPH)
Batting: RHB Roberto Palacios 0-0: Ball
1-0: Ball
2-0: Fly out, F7 (Flyball, 7D, EV 93.8 MPH)
Top of the 7th over - 0 runs, 0 hits, 0 errors, 1 left on base; Montgomery 4 - Columbus 9
BOTTOM OF THE 7TH
Columbus Skeeters batting - Pitching for Montgomery Rebels : LHP Jerry Garvin
Batting: RHB Randy Kaczmarski 0-0: Ball
1-0: Called Strike
1-1: Foul Ball, location: 2F
1-2: Ground out 5-3 (Groundball, 56, EV 97.5 MPH)
Batting: RHB Gregory Pastors 0-0: Ball
1-0: Ball
2-0: Ground out 6-3 (Groundball, 6M, EV 105.6 MPH)
Batting: SHB Mike Howard 0-0: Foul Ball, location: 2F
0-1: Ground out 5-3 (Groundball, 56S, EV 78.8 MPH)
Bottom of the 7th over - 0 runs, 0 hits, 0 errors, 0 left on base; Montgomery 4 - Columbus 9
TOP OF THE 8TH
Montgomery Rebels batting - Pitching for Columbus Skeeters : LHP Scott Gleckel
Batting: SHB Arthur Fischetti 0-0: Ball
1-0: Called Strike
1-1: Swinging Strike
1-2: Foul Ball, location: 2F
1-2: Strikes out swinging
Batting: LHB Ray Crowley 0-0: Ball
1-0: Foul Ball, location: 2F
1-1: Fly out, F7 (Flyball, 7S, EV 73.8 MPH)
Batting: RHB Mike Colbern 0-0: Ground out U3 (Groundball, 3, EV 86.3 MPH)
Top of the 8th over - 0 runs, 0 hits, 0 errors, 0 left on base; Montgomery 4 - Columbus 9
BOTTOM OF THE 8TH
Columbus Skeeters batting - Pitching for Montgomery Rebels : LHP Jerry Garvin
Batting: LHB Pete Mueller 0-0: Ball
1-0: Ball
2-0: Called Strike
2-1: Foul Ball, location: 2F
2-2: Fly out, F4 (Line Drive, 4, EV 67.5 MPH)
Batting: RHB Heri Ramirez 0-0: Ball
1-0: Ball
2-0: Ground out 6-3 (Groundball, 6M, EV 78.8 MPH)
Batting: LHB Sam Horn 0-0: Called Strike
0-1: Ball
1-1: Called Strike
1-2: Ground out 4-3 (Groundball, 13, EV 86.9 MPH)
Bottom of the 8th over - 0 runs, 0 hits, 0 errors, 0 left on base; Montgomery 4 - Columbus 9
TOP OF THE 9TH
Montgomery Rebels batting - Pitching for Columbus Skeeters : LHP Scott Gleckel
Batting: SHB Mike Thorpe 0-0: Ball
1-0: Ball
2-0: Ball
3-0: Called Strike
3-1: Fly out, F7 (Flyball, 7LS, EV 92.5 MPH)
Batting: LHB Chris Stropolo 0-0: Ball
1-0: Ball
2-0: Called Strike
2-1: Foul Ball, location: 2F
2-2: Foul Ball, location: 2F
2-2: Ball
3-2: Foul Ball, location: 2F
3-2: Fly out, F6 (Popup, 6M, EV 58.8 MPH)
Batting: RHB Jeff Schumaker 0-0: Called Strike
0-1: Ball
1-1: Foul Ball, location: 2F
1-2: Foul Ball, location: 2F
1-2: Foul Ball, location: 2F
1-2: SOLO HOME RUN (Flyball, 78XD, EV 100.0 MPH), Distance : 416 ft
Pitching: LHP Keith Comstock
Batting: RHB Glenn Williams 0-0: Foul Ball, location: 2F
0-1: Ball
1-1: Ground out 6-3 (Groundball, 6M, EV 82.5 MPH)
Top of the 9th over - 1 run, 1 hit, 0 errors, 0 left on base; Montgomery 5 - Columbus 9
Thursday, August 13th, 2020 - OOTP Baseball 21.5 Build 76